 Dungeon Crawl Stone Soup version 0.26.1-11-gd32895ea62 (webtiles) character file.

Game seed: 8851451436136577167

86 seveneves the Shield-Bearer (level 4, -3/40 HPs)
             Began as a Minotaur Fighter on July 18, 2021.
             Slain by a worm (4 damage)
             ... on level 3 of the Dungeon.
             The game lasted 00:08:15 (1728 turns).

seveneves the Shield-Bearer (Minotaur Fighter)      Turns: 1728, Time: 00:08:15

Health: -3/40      AC:  8    Str: 22    XL:     4   Next: 27%
Magic:  3/3        EV:  7    Int:  5    God:
Gold:   106        SH:  9    Dex:  9    Spells: 3/3 levels left

rFire    . . .     SeeInvis .   a - +1 long sword
rCold    . . .     Faith    .   c - +0 kite shield
rNeg     . . .     Spirit   .   b - +0 scale mail
rPois    .         Reflect  .   (helmet restricted)
rElec    .         Harm     .   (no cloak)
rCorr    .         Rampage  .   (no gloves)
Will     .....                  f - +0 pair of boots
Stlth    ..........             (no amulet)
HPRegen  0.13/turn              (no ring)
MPRegen  0.08/turn              (no ring)

@: mighty, lethally poisoned (-3 -> -14)
A: retaliatory headbutt, horns 2
a: no special abilities


You were on level 3 of the Dungeon.
You visited 1 branch of the dungeon, and saw 3 of its levels.

You collected 106 gold pieces.

Inventory:

Hand Weapons
 a - a +1 long sword (weapon)
Armour
 b - a +0 scale mail (worn)
 c - a +0 kite shield (worn)
 f - a +0 pair of boots (worn)
Wands
 e - a wand of paralysis (9)
Scrolls
 i - a scroll of remove curse


   Skills:
 + Level 4.3 Fighting
 + Level 3.5 Long Blades
 + Level 4.3 Armour
 + Level 0.3 Dodging
 + Level 4.5 Shields


You had 3 spell levels left.
You didn't know any spells.
Your spell library was empty.

Dungeon Overview and Level Annotations

Branches:
Dungeon (3/15)

Altars:
Xom


Innate Abilities, Weirdness & Mutations

You reflexively headbutt those who attack you in melee.
You have a pair of horns on your head.


Message History

* * * LOW HITPOINT WARNING * * *
The kobold hits you but does no damage.
Items here: ) ††††.
You slice Robin!!
You kill Robin!
* * * LOW HITPOINT WARNING * * *
You feel sick. You block the kobold's attack.
The worm bites you but does no damage.
You closely miss the kobold. Your headbutt misses the kobold.
* * * LOW HITPOINT WARNING * * *
You feel sick. You block the kobold's attack. You block the worm's attack.
You slash the worm!
The worm is heavily wounded.
* * * LOW HITPOINT WARNING * * *
You feel sick. The kobold barely misses you. You block the worm's attack.
You slash the kobold!
You kill the kobold!
* * * LOW HITPOINT WARNING * * *
You feel sick. The worm completely misses you. The worm bites you.
You die...

# .......#########.# #.
................# ..
......<.......#
#.###.##.##.......#
###.....##.##.......##
..........<##........##.
.....≈?...r#............
.≈.≈≈≈≈≈)w)w.........#
≈≈#≈#≈####@##........##.
≈≈≈≈≈ #(##..><....... #
### #)##.##..##.##.
#.>........ .
###...##..... ##.##
..#.## #.# (.#.# . . ...
. . . ..#. #


You could see 2 worms and a river rat.

Vanquished Creatures
  Robin (D:3)
  An adder (D:3)
  A river rat (D:3)
  A worm (D:3)
  3 dart slugs
  A leopard gecko (D:2)
  A giant cockroach (D:1)
  11 goblins
  2 hobgoblins (D:3)
  11 jackals
  A quokka (D:2)
  A bat (D:3)
  A frilled lizard (D:2)
  6 kobolds
  4 rats
46 creatures vanquished.

Notes
Turn   | Place    | Note
-------+----------+-------------------------------------------
     0 | D:1      | seveneves the Minotaur Fighter began the quest for the Orb.
     0 | D:1      | Reached XP level 1. HP: 19/19 MP: 0/0
   179 | D:1      | Reached XP level 2. HP: 25/27 MP: 1/1
  1071 | D:2      | Reached XP level 3. HP: 33/33 MP: 2/2
  1295 | D:2      | Found a shimmering altar of Xom.
  1689 | D:3      | Noticed Robin
  1710 | D:3      | Reached XP level 4. HP: 29/40 MP: 3/3
  1725 | D:3      | Killed Robin
  1728 | D:3      | HP: 1/40 [poisoned by Robin]
  1728 | D:3      | Slain by a worm

Illustrated notes

Levels and vault maps discovered:
D:1:      lightli_arrival_statue_moat, layout_basic
D:2:      layout_loops_ring, lemuel_round_altar
D:3:      layout_loops_ring, lightli_sewer_entry_pipes,
          chequers_ecumenical_altar_simple_redux, uniq_robin

Skill      XL: |  1  2  3 |
---------------+----------+-----
Armour         | 4 |  4.3
Fighting       | 4 |  4.3
Shields        | 4 |  4.5
Long Blades    | 3 |  3.5
Dodging        | |  0.3

Action                   |  1- 3 |  4- 6 || total
-------------------------+-------+-------++-------
Melee: Long sword        |    92 |    17 ||   109
       Headbutt          |     9 |     2 ||    11
  Use: Scroll            |     3 |       ||     3
       Potion            |       |     1 ||     1
Armor: Scale mail        |    69 |    11 ||    80
Dodge: Dodged            |    32 |     8 ||    40
Block: Kite shield       |    50 |    23 ||    73
       Rpst.: Long sword |     6 |     1 ||     7
